AoeStats
← Léon gontran

Pilgrims

508722940Analyzed
4v4 RM · 7d ago on Sep 23, 2026· 36m 35s· 8 players
Game mode
Random Map
Map size
Large (8 player)
Population
200
Speed
Normal
Resources
Standard
Victory
Conquest
Starting age
Dark Age
Ending age
Imperial Age
RankedLock teamsTeams togetherTeam positionsShared explorationLock speedFull tech treeHidden civsTurbo modeCheats
Victory
Defeat
🇺🇸 Japanese · United States
1285
+13
🇦🇹 Huns · Austria
1277
+13
🇺🇸 Armenians · United States
1267
+14
🇫🇷 Inca · France
1204
+16
🇺🇸 Spanish · United States
1259
-16
🇺🇸 Slavs · United States
1240
-15
🇺🇸 Lithuanians · United States
1226
-14
🇺🇸 Bohemians · United States
1125
-11
slimsadie1831
8:15 Loom
13:02 Feudal Age
14:16 Double-Bit Axe
23:41 Castle Age
21:26 Horse Collar
22:43 Fletching
22:54 Padded Archer Armor
25:22 Bodkin Arrow
25:43 Leather Archer Armor
26:51 Chemistry
32:05 Ballistics
Drdolan2
10:43 Feudal Age
16:15 Castle Age
27:02 Crossbowman
31:06 Bloodlines
36:07 Fletching
SlickPup7427097
10:35 Feudal Age
11:20 Double-Bit Axe
13:00 Horse Collar
18:08 Castle Age
16:59 Padded Archer Armor
17:00 Gold Mining
21:59 Husbandry
26:44 Imperial Age
25:49 Fletching
26:07 Loom
26:55 Bloodlines
29:23 Bodkin Arrow
32:51 Wheelbarrow
34:56 Chemistry
35:35 Heavy Plow
36:09 Light Cavalry
tower07
10:20 Feudal Age
8:38 Loom
15:50 Castle Age
15:08 Fletching
15:45 Gold Mining
17:49 Bodkin Arrow
Dingodan
5:20 Loom
13:05 Feudal Age
14:28 Double-Bit Axe
15:01 Town Watch
19:48 Castle Age
19:18 Stone Mining
19:19 Gold Mining
21:13 Bow Saw
20:45 Horse Collar
21:43 Gold Shaft Mining
21:46 Fletching
22:52 Wheelbarrow
22:43 Bodkin Arrow
23:03 Heavy Plow
25:07 Ballistics
26:40 Hand Cart
32:44 Imperial Age
30:59 Masonry
31:44 Padded Archer Armor
33:06 Bloodlines
32:56 Husbandry
33:16 Leather Archer Armor
33:40 Thumb Ring
35:05 Parthian Tactics
34:02 Heavy Cavalry Archer
34:45 Bracer
35:47 Chemistry
34:23 Capped Ram
36:07 Forging
36:03 Scale Barding Armor
35:56 Murder Holes
37:56 Two-Man Saw
Léon gontran
11:10 Feudal Age
11:58 Loom
12:03 Double-Bit Axe
11:59 Horse Collar
13:45 Fletching
18:20 Castle Age
27:47 Stone Mining
29:06 Heavy Plow
30:30 Gold Mining
32:04 Wheelbarrow
31:47 Bow Saw
32:15 Gold Shaft Mining
32:33 Champi Runner
33:14 Squires
34:07 Scale Mail Armor
34:17 Forging
37:04 Imperial Age
35:27 Stone Shaft Mining
34:44 Champi Warrior
35:40 Fishing Lines
37:21 Hand Cart
daxbordeaux
7:23 Loom
12:34 Feudal Age
12:39 Man-at-Arms
13:41 Man-at-Arms
15:24 Long Swordsman
16:59 Double-Bit Axe
20:34 Castle Age
19:01 Gold Mining
20:26 Scale Mail Armor
22:33 Squires
27:21 Two-Handed Swordsman
30:00 Wheelbarrow
29:51 Forging
35:19 Imperial Age
34:28 Iron Casting
34:08 Arson
35:49 Chain Mail Armor
35:16 Crossbowman
36:41 Conscription
35:51 Capped Ram
Thor Odinson
3:11 Loom
4:26 Loom
12:44 Feudal Age
14:23 Fishing Lines
18:11 Castle Age
17:29 Horse Collar
17:56 Double-Bit Axe
22:23 Scale Mail Armor
22:34 Forging
26:48 Gillnets
27:41 Wheelbarrow
27:46 Gold Mining
27:52 Town Watch
31:02 Hand Cart
32:38 Chain Mail Armor
32:59 Iron Casting
32:53 Heavy Plow
34:02 Squires
33:48 Arson
Connection lost

Rejoining the realm…

Still unreachable

The connection could not be restored.

Session expired

The server has moved on; the page needs a fresh start.